 Dungeon Crawl Stone Soup version 0.30-a0-297-g0ec75d9ef4 (webtiles) character file.

Game seed: 18114002320326045118

98455 hikkokomori the Severer (level 15, 0/136 HPs)
             Began as a Minotaur Berserker on Oct 18, 2022.
             Was a High Priest of Trog.
             Slain by an eight-headed hydra (9 damage)
             ... called by a spriggan druid
             ... called by a spriggan druid
             ... on level 4 of the Swamp.
             The game lasted 01:13:42 (21196 turns).

hikkokomori the Severer (Minotaur Berserker)       Turns: 21196, Time: 01:13:43

Health: 0/136      AC: 34    Str: 35    XL:     15   Next: 74%
Magic:  14/14      EV: 16    Int:  4    God:    Trog [*****.]
Gold:   1481       SH:  0    Dex:  8    Spells: 14/14 levels left

rFire   . . .      SeeInvis +    P - +5 executioner's axe
rCold   . . .      Faith    +    (shield currently unavailable)
rNeg    . . .      Spirit   .    X - +8 plate armour {rPois}
rPois   +          Reflect  .    O - +2 hat of Onausos {rPois SInv}
rElec   .          Harm     .    V - +3 cloak of the Bulwark {Str+2}
rCorr   .          Rampage  +    U - +1 pair of gloves "Metz" {Regen+ Str-2 Dex-2 SInv}
Will    +....                    Z - +0 pair of boots {rampage}
Stlth   ..........               u - amulet of faith
HPRegen 1.22/turn                w - +6 ring of strength
MPRegen 0.14/turn                c - +4 ring of evasion

@: marked, on berserk cooldown, slowed, very slow
A: horns 2, retaliatory headbutt
a: Renounce Religion, Berserk, Trog's Hand, Brothers in Arms


You were on level 4 of the Swamp.
You worshipped Trog.
Trog was extremely pleased with you.
You visited 5 branches of the dungeon, and saw 23 of its levels.
You also visited: Gauntlet.

You collected 3355 gold pieces.
You spent 1874 gold pieces at shops.

Inventory:

Hand Weapons
 E - a +2 vorpal battleaxe
 K - a +7 vorpal broad axe
 P - a +5 executioner's axe (weapon)
Missiles
 i - 5 curare-tipped darts
 j - 40 poisoned darts (quivered)
 B - 3 javelins
 Y - 21 boomerangs
Armour
 g - a +4 ring mail of willpower
 p - a scarf of invisibility
 C - the +15 Maxwell's patent armour {-Cast -Tele rElec Will+ rCorr}
   (You found it on level 2 of the Orcish Mines)

   rElec:     It insulates you from electricity.
   -Cast:     It prevents spellcasting.
   -Tele:     It prevents most forms of teleportation.
   rCorr:     It protects you from acid and corrosion.
   Will:      It increases your willpower.
 G - the +3 leather armour of Laicacar {rF+ rC++ Int+3 Dex+2}
   (You took it off an orc wizard on level 7 of the Dungeon)

   Int:       It affects your intelligence (+3).
   Dex:       It affects your dexterity (+2).
   rF:        It protects you from fire.
   rC:        It greatly protects you from cold.
 O - the +2 hat of Onausos (worn) {rPois SInv}
   (You acquired it on level 2 of the Lair of Beasts)

   rPois:     It protects you from poison.
   SInv:      It lets you see invisible.
 U - the +1 pair of gloves "Metz" (worn) {Regen+ Str-2 Dex-2 SInv}
   (You acquired it on level 11 of the Dungeon)

   Str:       It affects your strength (-2).
   Dex:       It affects your dexterity (-2).
   SInv:      It lets you see invisible.
   Regen:     It increases your rate of health regeneration.
 V - the +3 cloak of the Bulwark (worn) {Str+2}
   (You found it in a Gauntlet)

   Str:       It affects your strength (+2).
 X - a +8 plate armour of poison resistance (worn)
 Z - a +0 pair of boots of rampaging (worn)
Jewellery
 a - a ring of fire
 c - a +4 ring of evasion (right hand)
 t - a ring of see invisible
 u - an amulet of faith (around neck)
 w - a +6 ring of strength (left hand)
Wands
 d - a wand of digging (7)
 L - a wand of flame (9)
 M - a wand of mindburst (3)
 R - a wand of charming (15)
 S - a wand of acid (3)
 T - a wand of roots (2)
Scrolls
 b - a scroll of brand weapon
 e - 4 scrolls of poison
 m - a scroll of butterflies
 n - 2 scrolls of identify
 o - 2 scrolls of fear
 q - 3 scrolls of blinking
 y - 6 scrolls of teleportation
 H - a scroll of magic mapping
 I - a scroll of torment
 N - a scroll of silence
Potions
 f - 4 potions of mutation
 h - 13 potions of curing
 k - 5 potions of heal wounds
 l - 4 potions of invisibility
 r - 3 potions of cancellation
 x - 7 potions of flight
 z - 3 potions of ambrosia
 A - 3 potions of lignification
 D - 5 potions of might
 F - 3 potions of attraction
 J - 3 potions of resistance
 Q - a potion of magic {unknown}
 W - 2 potions of haste
Miscellaneous
 s - a phial of floods
 v - a condenser vane


   Skills:
 - Level 13.5 Fighting
 + Level 19.6 Axes
 + Level 13.1 Throwing
 + Level 13.1 Armour
 + Level 14.9 Dodging
 + Level 7.6 Evocations


You had 14 spell levels left.
You didn't know any spells.
Your spell library was empty.

Dungeon Overview and Level Annotations

Branches:
Dungeon (11/15)            Temple (1/1) D:6            Lair (5/5) D:11
  Swamp (4/4) Lair:2       Spider (0/4) Lair:3        Slime (0/5) Lair:5
    Orc (2/2) D:9             Elf (0/3) Orc:2       Gauntlet (visited)

Altars:
Ashenzari
Cheibriados
Dithmenos
Elyvilon
Fedhas
Gozag
Hepliaklqana
Kikubaaqudgha
Makhleb
Nemelex Xobeh
Okawaru
Qazlal
Ru
Sif Muna
Trog
Uskayaw
Vehumet
Wu Jian
Xom
Yredelemnul
Zin
The Shining One
Jiyva

Shops:
D:3 !   D:5 =*   D:7 *   Orc:1 *   Orc:2 [(*:


Innate Abilities, Weirdness & Mutations

You have a pair of horns on your head.
You reflexively headbutt those who attack you in melee.


Message History

* * * LOW HITPOINT WARNING * * *
The nine-headed hydra completely misses you. x2
The nine-headed hydra misses you. x2
The nine-headed hydra bites you but does no damage.
A swamp drake comes into view.
The eight-headed hydra bites you.
* * * LOW HITPOINT WARNING * * *
The eight-headed hydra closely misses you.
The eight-headed hydra bites you.
* * * LOW HITPOINT WARNING * * *
The eight-headed hydra bites you but does no damage.
The eight-headed hydra closely misses you.
The eight-headed hydra misses you.
The eight-headed hydra completely misses you.
The eight-headed hydra bites you!
* * * LOW HITPOINT WARNING * * *
The nine-headed hydra bites you!
* * * LOW HITPOINT WARNING * * *
The nine-headed hydra closely misses you.
The nine-headed hydra barely misses you.
The nine-headed hydra bites you but does no damage.
The nine-headed hydra misses you.
The nine-headed hydra barely misses you.
The nine-headed hydra closely misses you.
The nine-headed hydra bites you but does no damage.
The nine-headed hydra completely misses you.
You feel a strong urge to attack something.
You are no longer berserk.
You are exhausted.
You feel yourself slow down.
The five-headed hydra bites you but does no damage.
The five-headed hydra bites you!
* * * LOW HITPOINT WARNING * * *
The five-headed hydra bites you but does no damage.
The five-headed hydra barely misses you.
The five-headed hydra bites you but does no damage.
The eight-headed hydra bites you but does no damage. x2
The eight-headed hydra barely misses you. x2
The eight-headed hydra bites you!
You die...

~~~~~~~ ~♣ .~.~.~~
~~~~~~~ ~. ~~~.~~~
.~§~~~~ . ~§~..~
~.§~~~~ ~♣~k~.♣
♣~~~~.♣♣♣♣~.~~.♣
♣..~~))♣~R~.~§♣
♣.~~~D.~~~.~.♣♣♣
♣♣~~~DD††~~$..~♣
♣.~~@D)†~~.♣♣~♣ ♣♣♣♣
♣♣~~~†♣†....~♣
♣♣..♣♣♣♣~~~~..♣§...♣♣
♣~.~~~♣.~§§~~.♣♣♣~~♣
♣♣~~..♣~~~~...♣~~♣♣♣
♣....♣~.~..~~~.~~.♣
♣♣♣.~~~.~♣♣.~~~♣♣♣♣
♣♣.~~~~.~♣♣..♣♣
♣.~~.†~~.♣♣♣~♣


You could see an eleionoma, a nine-headed hydra (strong), an eight-headed hydra
(strong), a six-headed hydra, a five-headed hydra and a swamp drake.

Vanquished Creatures
  A tentacled monstrosity (Swamp:2)
  2 eleionomae
  Nessos (Lair:4)
  5 bunyips
  A minotaur (Gauntlet)
  11 hydras
  An ice dragon (Lair:5)
  A catoblepas (Lair:5)
  2 ghost crabs
  2 ogre magi (Orc:2)
  8 alligators
  11 two-headed ogres
  A spriggan berserker (Swamp:3)
  7 death yaks
  Urug (Lair:2)
  A thrashing horror (Gauntlet)
  Sonja (Lair:4)
  4 goliath frogs
  2 deep trolls (Orc:2)
  5 spriggan druids
  3 swamp dragons
  A lindwurm (Lair:5)
  3 bog bodies
  An orc knight (Orc:1)
  2 will-o-the-wisps
  A manticore (D:11)
  2 cyclopes (Orc:2)
  The ghost of ytrimaz the Chiller, a novice OpTm of Ashenzari (D:5)
  3 elephants (Lair:5)
  5 black mambas
  6 torpor snails
  19 cane toads
  Maggie (D:10)
  3 rime drakes
  9 komodo dragons
  A kobold demonologist (D:11)
  The ghost of BeKind the Gusty, a novice OpAE (D:4)
  Psyche (D:10)
  10 trolls
  11 tyrant leeches
  Grinder (D:4)
  A bloated husk (Swamp:4)
  4 polar bears
  11 hornets
  10 blink frogs
  10 dream sheep (Lair:5)
  3 slime creatures (Lair:5)
  A shadow (D:11)
  7 spriggans
  4 wraiths
  32 yaks
  A vampire (D:11)
  6 wyverns
  A steam dragon (D:9)
  4 basilisks
  11 vampire mosquitoes
  Menkaure (D:5)
  3 redbacks (Lair:3)
  4 acid dragons
  17 swamp worms
  13 water moccasins
  5 wargs
  2 swamp drakes
  2 sky beasts
  18 orc warriors
  3 ice beasts
  23 ogres
  12 wolves
  4 centaurs
  20 bullfrogs
  5 kobold brigands
  2 necrophages (D:8)
  2 gnoll sergeants
  4 small abominations (Gauntlet)
  3 scorpions
  4 wights (D:8)
  21 killer bees
  2 electric eels
  2 howler monkeys
  3 hounds
  4 jellies
  A gnoll bouda (D:7)
  21 orc priests
  6 iguanas
  20 orc wizards
  A hound skeleton (D:8)
  Robin (D:3)
  20 gnolls
  8 adders
  2 shadow imps
  2 white imps
  2 ufetubi
  A worm (D:4)
  4 dart slugs
  96 orcs
  4 bats
  6 endoplasms
  4 giant cockroaches
  16 goblins
  6 hobgoblins
  8 jackals
  5 quokkas
  5 ball pythons
  2 frilled lizards (D:3)
  21 kobolds
  2 rats
702 creatures vanquished.

Vanquished Creatures (collateral kills)
  A tyrant leech (Lair:5)
1 creature vanquished.

Vanquished Creatures (others)
  A hydra (Swamp:4)
  A spriggan druid (Swamp:1)
  A bloated husk (Swamp:1)
  A swamp worm (Swamp:2)
  A swamp drake (Swamp:2)
  An orc wizard (D:3)
  22 demonic plants (Gauntlet)
  13 fungi
  47 plants
88 creatures vanquished.

Grand Total: 791 creatures vanquished

Notes
Turn   | Place    | Note
-------+----------+-------------------------------------------
     0 | D:1      | hikkokomori the Minotaur Berserker began the quest for the
                  | Orb.
     0 | D:1      | Reached XP level 1. HP: 19/19 MP: 0/0
   354 | D:1      | Reached XP level 2. HP: 24/27 MP: 1/1
   487 | D:1      | Reached skill level 4 in Axes
   814 | D:2      | Reached XP level 3. HP: 31/33 MP: 2/2
  1084 | D:2      | Found a snail-covered altar of Cheibriados.
  1230 | D:2      | Reached ** piety under Trog
  1254 | D:2      | Reached XP level 4. HP: 41/41 MP: 3/3
  1352 | D:2      | Found a faded altar of an unknown god.
  1496 | D:3      | Noticed Robin
  1503 | D:3      | Found a broken altar of Ashenzari.
  1506 | D:3      | Killed Robin
  1677 | D:3      | Reached skill level 5 in Fighting
  1677 | D:3      | Reached XP level 5. HP: 48/48 MP: 4/4
  1836 | D:3      | Found a basalt altar of Yredelemnul.
  1856 | D:3      | Reached skill level 5 in Axes
  1972 | D:3      | Found Igraryg's Distillery.
  1984 | D:3      | Bought a potion of degeneration for 12 gold pieces
  1984 | D:3      | Bought a potion of curing for 36 gold pieces
  1984 | D:3      | Bought a potion of heal wounds for 60 gold pieces
  2293 | D:4      | Reached XP level 6. HP: 9/56 MP: 5/5
  2479 | D:4      | Reached skill level 1 in Throwing
  2644 | D:4      | Noticed Grinder
  2665 | D:4      | Paralysed by Grinder for 3 turns
  2669 | D:4      | Paralysed by Grinder for 4 turns
  2681 | D:4      | Killed Grinder
  2682 | D:4      | Reached skill level 6 in Axes
  2682 | D:4      | Reached XP level 7. HP: 28/63 MP: 6/6
  2877 | D:4      | Found an opulent altar of Gozag.
  3049 | D:4      | Found a runed translucent door.
  3050 | D:4      | Noticed BeKind's ghost (novice OpAE)
  3072 | D:4      | Killed BeKind's ghost
  3073 | D:4      | Reached skill level 5 in Armour
  3073 | D:4      | Reached XP level 8. HP: 71/71 MP: 7/7
  3077 | D:4      | Reached *** piety under Trog
  3078 | D:4      | Reached skill level 5 in Dodging
  3718 | D:5      | Entered Level 5 of the Dungeon
  3718 | D:5      | Found Hesirr's Jewellery Emporium.
  3735 | D:5      | Reached skill level 7 in Axes
  3919 | D:5      | Noticed Menkaure
  3927 | D:5      | Killed Menkaure
  4042 | D:5      | Found a transporter.
  4050 | D:5      | Noticed ytrimaz's ghost (novice OpTm)
  4080 | D:5      | Found a transporter.
  4229 | D:5      | Found Age Qeo's Serpentskin Sales.
  4292 | D:5      | Bought a scroll of poison for 52 gold pieces
  4379 | D:5      | Reached XP level 9. HP: 80/80 MP: 8/8
  4382 | D:5      | Killed ytrimaz's ghost
  4383 | D:5      | Reached skill level 8 in Axes
  4831 | D:6      | Reached **** piety under Trog
  5045 | D:6      | Found a staircase to the Ecumenical Temple.
  5191 | D:6      | You fall into a shaft and drop 1 floor!
  5398 | D:7      | Identified the +3 leather armour of Laicacar {rF+ rC++
                  | Int+3 Dex+2}
  5624 | D:6      | Reached skill level 5 in Throwing
  5788 | D:6      | Found a glowing golden altar of the Shining One.
  6000 | D:7      | Reached skill level 9 in Axes
  6000 | D:7      | Reached XP level 10. HP: 68/91 MP: 9/9
  6005 | D:7      | Reached ***** piety under Trog
  6411 | D:7      | Found Roume's General Store.
  6417 | D:7      | Bought a scroll of brand weapon for 114 gold pieces
  6992 | D:8      | Received a gift from Trog
  7364 | D:8      | Found a radiant altar of Vehumet.
  7938 | D:8      | Found a burning altar of Makhleb.
  8602 | D:9      | Reached skill level 10 in Fighting
  8720 | D:9      | Reached skill level 10 in Axes
  8793 | D:9      | Found a staircase to the Orcish Mines.
  9445 | D:9      | Received a gift from Trog
  9631 | D:10     | Entered Level 10 of the Dungeon
  9771 | D:10     | Noticed Psyche
  9772 | D:10     | Noticed Maggie
  9778 | D:10     | Noticed a two-headed ogre
  9779 | D:10     | Killed Psyche
  9780 | D:10     | Reached XP level 11. HP: 101/101 MP: 7/10
  9784 | D:10     | Killed Maggie
  9785 | D:10     | Noticed a two-headed ogre
  9788 | D:10     | Killed a two-headed ogre
  9796 | D:10     | Killed a two-headed ogre
  9855 | D:10     | Identified the +3 quarterstaff "Hellblazer" {freeze, Fly
                  | rPois Int-5 SInv}
 10072 | D:10     | Found a snail-covered altar of Cheibriados.
 10214 | D:11     | Identified 3 scrolls of acquirement
 10214 | D:11     | Acquired the +1 pair of gloves "Metz" {Regen+ Str-2 Dex-2
                  | SInv}
 10226 | D:11     | Acquired a manual of Axes
 10228 | D:11     | Acquired 732 gold pieces
 10481 | D:11     | Reached skill level 11 in Axes
 10767 | D:11     | Found a staircase to the Lair.
 10777 | D:11     | Reached skill level 10 in Dodging
 10819 | D:11     | Reached skill level 12 in Axes
 10945 | D:11     | Found a shimmering blue altar of Sif Muna.
 11080 | D:11     | Noticed a two-headed ogre
 11085 | D:11     | Killed a two-headed ogre
 11292 | Orc:1    | Entered Level 1 of the Orcish Mines
 11462 | Orc:2    | Entered Level 2 of the Orcish Mines
 11543 | Orc:2    | Found a staircase to the Elven Halls.
 11559 | Orc:2    | Found the +15 Maxwell's patent armour {-Cast -Tele rElec
                  | Will+ rCorr}
 11574 | Orc:2    | Found Anu Duwn's Book Boutique.
 11574 | Orc:2    | Noticed a two-headed ogre
 11575 | Orc:2    | Noticed a two-headed ogre
 11589 | Orc:2    | Killed a two-headed ogre
 11590 | Orc:2    | Killed a two-headed ogre
 11591 | Orc:2    | Reached XP level 12. HP: 112/112 MP: 11/11
 11616 | Orc:2    | Noticed a two-headed ogre
 11616 | Orc:2    | Noticed a two-headed ogre
 11616 | Orc:2    | Noticed a two-headed ogre
 11617 | Orc:2    | Noticed an ogre mage
 11618 | Orc:2    | Noticed a two-headed ogre
 11622 | Orc:2    | Killed a two-headed ogre
 11623 | Orc:2    | Reached skill level 13 in Axes
 11623 | Orc:2    | Killed a two-headed ogre
 11627 | Orc:2    | Killed a two-headed ogre
 11627 | Orc:2    | Noticed an ogre mage
 11628 | Orc:2    | Killed an ogre mage
 11628 | Orc:2    | Found a gate leading to a gauntlet.
 11628 | Orc:2    | Found Haduud's Antique Armour Shoppe.
 11629 | Orc:2    | Noticed a two-headed ogre
 11629 | Orc:2    | Noticed a two-headed ogre
 11636 | Gauntlet | Entered a Gauntlet
 11636 | Gauntlet | Found a transporter.
 11636 | Gauntlet | Found a transporter.
 11786 | Gauntlet | Found a transporter.
 11786 | Gauntlet | Found a transporter.
 11789 | Gauntlet | Found a transporter.
 11872 | Gauntlet | Identified the +3 cloak of the Bulwark {Str+2}
 11886 | Gauntlet | Found a transporter.
 11894 | Gauntlet | Reached skill level 14 in Axes
 11940 | Gauntlet | Noticed a minotaur
 11948 | Gauntlet | Killed a minotaur
 11986 | Gauntlet | Found a transporter.
 12031 | Orc:2    | Received a gift from Trog
 12034 | Orc:2    | Killed a two-headed ogre
 12038 | Orc:2    | Killed an ogre mage
 12042 | Orc:2    | Found Apnux's Assorted Antiques.
 12045 | Orc:2    | Killed a two-headed ogre
 12046 | Orc:2    | Reached skill level 15 in Axes
 12265 | Orc:2    | Reached skill level 10 in Throwing
 12265 | Orc:2    | Killed a two-headed ogre
 12279 | Orc:2    | Reached XP level 13. HP: 87/122 MP: 12/12
 12376 | Orc:2    | Found Suentuu's Antique Weapon Emporium.
 12394 | Orc:2    | Bought a pair of embroidered boots for 202 gold pieces
 12860 | Lair:1   | Entered Level 1 of the Lair of Beasts
 13799 | Lair:2   | Reached skill level 1 in Evocations
 13979 | Lair:2   | Received a gift from Trog
 14008 | Lair:2   | Noticed Urug
 14012 | Lair:2   | Killed Urug
 14042 | Lair:2   | Found a staircase to the Swamp.
 14047 | Lair:2   | Reached skill level 16 in Axes
 14591 | Lair:3   | Found a hole to the Spider Nest.
 15323 | Lair:4   | Noticed Nessos
 15331 | Lair:4   | Killed Nessos
 15374 | Lair:4   | Reached skill level 10 in Armour
 15481 | Lair:4   | Reached skill level 17 in Axes
 15720 | Lair:4   | Reached XP level 14. HP: 129/129 MP: 13/13
 15815 | Lair:4   | Reached ****** piety under Trog
 15872 | Lair:4   | Noticed Sonja
 15876 | Lair:4   | Killed Sonja
 15963 | Lair:4   | Received a gift from Trog
 16060 | Lair:4   | You fall into a shaft and drop 1 floor!
 16060 | Lair:5   | Entered Level 5 of the Lair of Beasts
 16106 | Lair:5   | Found a runed translucent door.
 16209 | Lair:5   | Reached skill level 5 in Evocations
 16210 | Lair:5   | HP: 4/193 [tyrant leech (20)]
 16376 | Lair:5   | Paralysed by a hornet for 3 turns
 16463 | Lair:5   | Reached skill level 18 in Axes
 16773 | Lair:5   | Received a gift from Trog
 17011 | Lair:5   | Found a staircase to the Slime Pits.
 17020 | Lair:5   | Found a viscous altar of Jiyva.
 17607 | Orc:2    | Acquired the +2 hat of Onausos {rPois SInv}
 17622 | Orc:2    | Bought a shiny plate armour for 702 gold pieces
 17633 | Orc:2    | Upgraded the game from 0.30-a0-292-g0f741e3f8e to
                  | 0.30-a0-297-g0ec75d9ef4
 17825 | D:5      | Bought a +4 ring of evasion for 504 gold pieces
 17986 | Temple   | Entered the Ecumenical Temple
 18126 | D:3      | Bought 2 potions of invisibility for 192 gold pieces
 18519 | Orc:1    | Found Sadghatwo's Assorted Antiques.
 18591 | Orc:1    | You fall into a shaft and drop 1 floor!
 19059 | Swamp:1  | Entered Level 1 of the Swamp
 19467 | Swamp:1  | Reached XP level 15. HP: 122/136 MP: 14/14
 19498 | Swamp:1  | Reached skill level 19 in Axes
 19776 | Swamp:2  | Received a gift from Trog
 19845 | Swamp:2  | You fall into a shaft and drop 1 floor!
 20923 | Swamp:2  | Noticed a tentacled monstrosity
 20944 | Swamp:2  | Killed a tentacled monstrosity
 21089 | Swamp:4  | Entered Level 4 of the Swamp
 21177 | Swamp:4  | Received a gift from Trog
 21196 | Swamp:4  | Slain by an eight-headed hydra

Illustrated notes

Levels and vault maps discovered:
D:1:      heliophobic_arrival_dark_side_of_the_moon, layout_basic
D:2:      layout_loops_ring, hellmonk_ecumenical_altar_zigzags, basic_altar,
          nicolae_grassy_gnolls
D:3:      layout_basic, general_overflow_altar, mainiacjoe_overflow_brackets,
          serial_shops, shop, uniq_robin
D:4:      minmay_chambers_of_fours, layout_cave_pools,
          mainiacjoe_overflow_alcove_1, ebering_ghost_inner_flame, uniq_grinder
D:5:      layout_rooms, gammafunk_ghost_hive, nicolae_stop_n_shop_2,
          ebering_dispersal_statue_hall, guppyfry_shop_venom, uniq_menkaure
D:6:      nicolae_cairo_tiling_large, layout_rooms,
          mainiacjoe_overflow_cross_hatched, minmay_temple_entry_trees,
          minmay_crystal_room
D:7:      layout_basic, serial_shops, kennysheep_little_box, serial_aquarium,
          aquarium_bridge_square [aquarium_subvault_bridge,
          aquarium_subvault_bridge, aquarium_subvault_wall,
          aquarium_subvault_wall], aquarium_window_corridor_3,
          aquarium_window_1, aquarium_window_2, aquarium_view_2a,
          aquarium_balcony_double_1, aquarium_pool_1, serial_bayou_pond_b
D:8:      layout_loops_corners, nicolae_vehumet_altar_sigil,
          makhleb_blood_cavern_becter
D:9:      layout_loops_ring, david_orc_2
D:10:     layout_loops_cross, cheibriados_altar_1, uniq_psyche, uniq_maggie
D:11:     layout_loops_corners, erik_lair_orcish_takeover,
          mumra_transporter_accident, hangedman_abyss_or_decor_jellyfish_corner,
          lemuel_blue_sif_altar
Temple:   eino_wide_crystal_templ
Lair:1:   layout_cave_pods
Lair:2:   layout_concentric_octagons, minmay_swamp_entry_swarm, uniq_urug
Lair:3:   layout_cave_pods, spider_nest_entry_webs
Lair:4:   layout_cave_pods, grunt_megastairs_1, uniq_sonja, uniq_nessos
Lair:5:   wormcave, layout_cave_shapes, minmay_slime_entry_pillars, st_stairs_7
Swamp:1:  layout_falls_marsh, nicolae_swamp_some_circles, lightli_tree_ring
Swamp:2:  cheibrodos_swamp_monstrosity, layout_basic_swamp,
          nicolae_swamp_well_well_well
Swamp:3:  layout_falls_marsh, evilmike_swamp_ruin_rubble_2, st_swamp_mini
Swamp:4:  byrel_swamp_growth_death_and_undeath, layout_basic_swamp,
          nicolae_swamp_spriggan_camp, uniq_bai_suzhen
Orc:1:    layout_caves, serial_shops, nicolae_shop_hallway_plus,
          nicolae_orc_damp_corner
Orc:2:    st_orc_open, layout_caves, gauntlet_entry_generic,
          dreamdust_deal_with_the_devil

Skill      XL: |  1  2  3  4  5  6  7  8  9 10 11 12 13 14 15 |
---------------+----------------------------------------------+-----
Fighting       | 4 5 6 7 9 10 12 13 | 13.5
Axes           | 4 5 6 7 9 10 12 15 17 18 19 | 19.6
Armour         | 3 4 5 6 8 10 12 13 | 13.1
Dodging        | 3 4 6 7 8 10 11 13 14 | 14.9
Throwing       | 2 3 5 6 8 10 11 12 13 | 13.1
Evocations     | 4 6 7 |  7.6

Action                   |  1- 3 |  4- 6 |  7- 9 | 10-12 | 13-15 || total
-------------------------+-------+-------+-------+-------+-------++-------
Melee: Hand axe          |    73 |   100 |   131 |       |       ||   304
       Headbutt          |     6 |    19 |    44 |    55 |   148 ||   272
       Punch             |     2 |     1 |     2 |     4 |     2 ||    11
       War axe           |       |       |    85 |       |       ||    85
       Broad axe         |       |       |    13 |   347 |   254 ||   614
       Executioner's axe |       |       |       |       |   492 ||   492
Throw: Javelin           |       |     3 |     6 |     2 |       ||    11
       Dart              |       |       |     4 |     4 |       ||     8
Invok: Berserk           |     1 |     3 |     4 |     7 |    11 ||    26
       Trog's Hand       |       |     2 |     1 |     2 |     3 ||     8
       Brothers in Arms  |       |       |       |       |     1 ||     1
Evoke: Wand              |       |       |       |       |     6 ||     6
  Use: Scroll            |     2 |       |     7 |    16 |    20 ||    45
       Potion            |       |     1 |     3 |     1 |     4 ||     9
 Stab: Invisible         |       |       |       |       |    10 ||    10
Armor: Animal skin       |     8 |       |       |       |       ||     8
       Ring mail         |    17 |    35 |    83 |       |       ||   135
       Leather armour    |       |       |     6 |    84 |     9 ||    99
       Plate armour      |       |       |       |    18 |   557 ||   575
Dodge: Dodged            |    62 |    56 |   158 |   314 |   578 ||  1168

Table legend: (Time is in decaauts)
 A = Elapsed time spent in this place.
 B = Non-inter-level travel time spent in this place.
 C = Inter-level travel time spent in this place.
 D = Time resting spent in this place.
 E = Time spent auto-exploring this place.
 F = Levels seen in this place.
 G = Mean time per level.
                   A        B        C        D        E       F      G
               +--------+--------+--------+--------+--------+-----+--------+
         Total |  21664 |  19518 |   2146 |   1846 |  13733 |  24 |  902.7 |
       Dungeon |  12247 |  10967 |   1280 |   1163 |   8061 |  11 | 1113.4 |
        Temple |     60 |     46 |     14 |      0 |     33 |   1 |   60.0 |
          Lair |   4775 |   4358 |    417 |    129 |   3431 |   5 |  955.0 |
         Swamp |   2336 |   2243 |     93 |    188 |   1313 |   4 |  584.0 |
  Orcish Mines |   1834 |   1494 |    340 |    185 |    868 |   2 |  917.0 |
      Gauntlet |    409 |    409 |      0 |    181 |     25 |   1 |  409.0 |
               +--------+--------+--------+--------+--------+-----+--------+

Top non-repeatable levels by time:
     D:8: 2057 daAuts
     D:4: 1334 daAuts
     D:9: 1322 daAuts
     D:7: 1184 daAuts
     D:5: 1179 daAuts
    D:11: 1153 daAuts
  Lair:5: 1119 daAuts
     D:3: 1044 daAuts
   Orc:2: 1012 daAuts
  Lair:4: 972 daAuts
  Lair:3: 945 daAuts
  Lair:1: 902 daAuts
     D:6: 848 daAuts
  Lair:2: 835 daAuts
   Orc:1: 821 daAuts
